 Dungeon Crawl Stone Soup version 0.20.0-15-g7f486f2 (webtiles) character file.

15376 NoAnimeNoLife the Stickfighter (level 12, 50/84 HPs)
             Began as a Demonspawn Fighter on June 14, 2017.
             Was a Believer of Qazlal.
             Quit the game on level 10 of the Dungeon.
             The game lasted 00:24:48 (12308 turns).

NoAnimeNoLife the Stickfighter (DsFi)              Turns: 12308, Time: 00:24:48

Health: 50/84      AC: 17    Str: 17    XL:     12   Next: 0%
Magic:  13/13      EV:  8    Int: 10    God:    Qazlal [**....]
Gold:   541        SH: 12    Dex: 17    Spells: 11/11 levels left

rFire    . . .     SeeInvis +   x - +9 staff of Wucad Mu {channel}
rCold    . . .     Gourm    .   c - +0 shield
rNeg     . . .     Faith    .   u - +4 scale mail
rPois    .         Spirit   .   b - +2 helmet
rElec    .         Reflect  .   (no cloak)
rCorr    .         Harm     .   (no gloves)
MR       .....                  (no boots)
Stlth    ..........             (no amulet)
Regen    0.3/turn               t - ring of see invisible
MPRegen  0.2/turn               s - +3 ring of protection

@: no status effects
A: claws 1, rugged brown scales 1, powered by pain 1, spiny 2
a: Upheaval, Renounce Religion


You were on level 10 of the Dungeon.
You worshipped Qazlal.
Qazlal was pleased with you.
You were not hungry.

You visited 2 branches of the dungeon, and saw 11 of its levels.
You also visited: Sewer and Ossuary.

You collected 541 gold pieces.

Inventory:

Hand Weapons
 a - a +1 flail
 m - a +0 mace of draining
 x - the +9 staff of Wucad Mu (weapon) {channel}
   (You found it on level 4 of the Dungeon)
 J - a +4 flail
Armour
 b - a +2 helmet (worn)
 c - a +0 shield (worn)
 u - a +4 scale mail (worn)
Jewellery
 s - a +3 ring of protection (right claw)
 t - a ring of see invisible (left claw)
 y - an uncursed ring of fire
 A - an uncursed ring of fire
 B - an uncursed ring of protection from cold
 P - the amulet "Iddoig" {Faith *Slow rElec rF++}
   (You found it on level 9 of the Dungeon)

   [amulet of faith]

   It allows you to gain divine favour quickly.
   It greatly protects you from fire.
   It insulates you from electricity.
   It may slow you when you take damage.
Wands
 d - a wand of disintegration (4/24)
 o - a wand of digging (18/24)
 r - a wand of flame (26/48)
 v - a wand of polymorph (12/24)
 D - a wand of digging (8/24)
 E - a wand of random effects (16/48)
 L - a wand of flame (40/48)
Scrolls
 e - 6 scrolls of identify
 h - 11 scrolls of teleportation
 i - 2 scrolls of recharging
 j - 7 scrolls of remove curse
 q - 3 scrolls of amnesia
 z - 4 scrolls of enchant weapon
 H - a scroll of fog
Potions
 k - 6 potions of curing
 l - 3 potions of agility
 p - 2 potions of flight
 w - a potion of heal wounds
 M - a potion of invisibility
Books
 n - a book of Minor Magic

   Spells                             Type                      Level
   a - Magic Dart                     Conjuration                  1
   b - Blink                          Translocation                2
   c - Call Imp                       Summoning                    2
   d - Slow                           Hexes                        2
   e - Conjure Flame                  Conjuration/Fire             3
   f - Mephitic Cloud                 Conjuration/Poison/Air       3
 K - a book of Necromancy

   Spells                             Type                      Level
   a - Pain                           Necromancy                   1
   b - Animate Skeleton               Necromancy                   1
   c - Vampiric Draining              Necromancy                   3
   d - Regeneration                   Charms/Necromancy            3
   e - Animate Dead                   Necromancy                   4
   f - Control Undead                 Necromancy                   4
 N - a book of the Tempests

   Spells                             Type                      Level
   a - Static Discharge               Conjuration/Air              3
   b - Lightning Bolt                 Conjuration/Air              5
   c - Ignition                       Fire                         8
   d - Tornado                        Air                          9
   e - Shatter                        Earth                        9
Miscellaneous
 Q - a lamp of fire
Comestibles
 f - 7 bread rations
 G - 19 fruits
 I - 3 meat rations


   Skills:
 + Level 3.6 Fighting
 - Level 7.9(12.4) Maces & Flails
 + Level 15.0(15.6) Staves
 + Level 3.1 Armour
 + Level 1.4 Dodging
 + Level 3.2 Shields
 + Level 1.8 Invocations


You had 11 spell levels left.
You didn't know any spells.

Dungeon Overview and Level Annotations

Branches:
Dungeon (10/15)            Temple (1/1) D:6            Lair (0/6) D:8
    Orc: D:9-12

Altars:
Ashenzari
Cheibriados
Dithmenos
Elyvilon
Fedhas
Gozag
Hepliaklqana
Kikubaaqudgha
Makhleb
Nemelex Xobeh
Okawaru
Qazlal
Ru
Sif Muna
Trog
Uskayaw
Vehumet
Xom
Yredelemnul
Zin
The Shining One

Shops:
D:4 :   D:6 (

Annotations:
D:9 2 runed doors


Innate Abilities, Weirdness & Mutations

You have sharp fingernails.
You are partially covered in rugged brown scales. (AC +1, +3% HP)
You sometimes gain a little power by taking damage.
You are mostly covered in sharp spines.


Message History

The water moccasin bites you but does no damage.
The water moccasin barely misses you.
You sock the water moccasin!
The water moccasin is heavily wounded.
You block the water moccasin's attack.
You sock the water moccasin!
The water moccasin is almost dead.
The water moccasin bites you but does no damage.
You sock the water moccasin!
You kill the water moccasin!
Qazlal accepts your kill.
You have reached level 12!
Your experience leads to an increase in your attributes!
Increase (S)trength, (I)ntelligence, or (D)exterity?
You feel agile.
You feel clever.
Your demonic ancestry asserts itself...
Your fingernails lengthen.
You start resting.
You hear a shout! x3; You hear an angry growl.
A crimson imp comes into view.
Are you sure you want to abandon this character and quit the game? (Confirm with "yes".)

,,,,.....'......#....#,,,,,,,,,,,
,,,,,....#.(....#...##.,,,,,,,,,,
,,,,,.,,,#.(...##...#..,,,,,,,,,,
,,,,,,,,,#5....#....'.,,,,,,,,,,,
,,,,,,,,,#.....#....#.,,,,,,,,,,,
.,,,,,,,,#)....#....#..,,,,,,,,,,
**,,,,,,,#.....#....#,,..,,,,,,,,
,*,,,,,,,#.....#....#(...,,,*****
,*,,,,,,,#.....†@...'%...,,,*
**,,,,,,,##'#..#.)###....,,,*
,,,,,,,,,...#..#..#,,,,,.,,,*****
,,,,,,,.....####..#,,,,,,,,,,,,,,
,,,,,,.......,,...#,,,,,,,,,,,,,,
,,,,,,..#####*..%.#,,,,,,,,******
,,,,,,..*,,,,#....#***,,,,,*
,,,,,,,,*,,,,####..,,*,,,,,******
,,,,,,,,*,,,,,,,#..,,*,,,,,,,,,,,


You could see a crimson imp.

Vanquished Creatures
  Erolcha (D:10)
  3 two-headed ogres
  The ghost of Juudaz the Fighter, a novice GrMo of Ru (D:8)
  An unseen horror (D:10)
  Pikel (D:8)
  The ghost of Exporg the Basher, a novice MiBe of Trog (D:6)
  An ugly thing (D:10)
  Psyche (D:8)
  Joseph (D:8)
  A gargoyle (D:10)
  A hornet (D:9)
  The ghost of dvd the Chopper, an amateur MiCK of Xom (D:3)
  Grinder (D:4)
  3 hippogriffs
  Sigmund (D:5)
  7 yaks
  Eustachio (D:4)
  2 basilisks
  Grum (D:8)
  A hungry ghost (D:9)
  Menkaure (D:4)
  A water moccasin (D:10)
  Duvessa (D:4)
  3 orc warriors
  2 ice beasts
  A sky beast (D:5)
  2 slaves (D:8)
  A black bear (D:6)
  2 necrophages
  4 phantoms
  3 wolves
  6 centaurs
  An ogre (D:5)
  A crocodile (D:7)
  3 big kobolds
  Blork the orc (D:4)
  8 bullfrogs
  A wyvern zombie (D:10)
  Dowan (D:4)
  8 scorpions
  6 killer bees (D:10)
  7 wights (D:6)
  A howler monkey (D:4)
  An electric eel (D:8)
  2 crimson imps
  3 centaur zombies
  4 human zombies (Ossuary)
  3 orc priests
  3 hounds
  3 centaur skeletons
  5 jellies
  A bullfrog skeleton (D:5)
  3 iguanas
  Natasha (D:2)
  11 orc wizards
  6 worker ants
  A big kobold zombie (Ossuary)
  2 hound zombies
  3 mummies (Ossuary)
  Robin (D:2)
  6 gnolls
  A howler monkey skeleton (D:5)
  A river rat (D:3)
  9 adders
  4 scorpion zombies (Ossuary)
  3 shadow imps
  2 oozes
  An adder zombie (D:8)
  An adder skeleton (D:5)
  4 worms
  4 dart slugs
  3 leopard geckos
  36 orcs
  4 ball pythons (D:3)
  6 giant cockroaches
  26 goblins
  6 hobgoblins (D:2)
  15 jackals
  5 quokkas
  6 bats
  6 frilled lizards
  A goblin zombie (Ossuary)
  2 hobgoblin zombies (Ossuary)
  10 kobolds
  A kobold zombie (Ossuary)
  2 orc zombies (Ossuary)
  14 rats
328 creatures vanquished.

Vanquished Creatures (others)
  2 slaves (D:8)
  A scorpion (Ossuary)
  A plant (D:8)
4 creatures vanquished.

Grand Total: 332 creatures vanquished

Notes
Turn   | Place    | Note
-------+----------+-------------------------------------------
     0 | D:1      | NoAnimeNoLife the Demonspawn Fighter began the quest for the Orb.
     0 | D:1      | Reached XP level 1. HP: 18/18 MP: 1/1
   226 | D:1      | Gained mutation: You sometimes gain a little power by taking damage. [demonic ancestry]
   226 | D:1      | Reached XP level 2. HP: 24/24 MP: 2/2
   889 | D:1      | Found a glowing golden altar of the Shining One.
  1060 | D:2      | Gained mutation: You are partially covered in sharp spines. [demonic ancestry]
  1060 | D:2      | Reached XP level 3. HP: 27/29 MP: 3/3
  1192 | D:2      | Noticed Robin
  1219 | D:2      | Killed Robin
  1451 | D:2      | Reached XP level 4. HP: 35/35 MP: 4/4
  1541 | D:2      | Noticed Natasha
  1549 | D:2      | Killed Natasha
  1855 | D:3      | Reached XP level 5. HP: 14/41 MP: 5/5
  2005 | D:3      | Found a glowing drain.
  2014 | Sewer    | Entered a sewer
  2258 | Sewer    | Reached skill level 5 in Maces & Flails
  2312 | Sewer    | Found a white marble altar of Elyvilon.
  2451 | D:3      | Noticed dvd's ghost (amateur MiCK)
  2472 | D:3      | Killed dvd's ghost
  2472 | D:3      | Reached XP level 6. HP: 26/47 MP: 6/6
  3273 | D:3      | Reached XP level 7. HP: 52/52 MP: 7/7
  3418 | D:4      | Noticed Eustachio
  3530 | D:4      | Killed Eustachio
  3655 | D:4      | Found a sand-covered staircase.
  3657 | D:4      | Noticed Grinder
  3673 | D:4      | Killed Grinder
  3673 | D:4      | Reached skill level 2 in Staves
  3674 | D:4      | Found Teacla's Book Shop.
  3693 | Ossuary  | Entered an ossuary
  3716 | Ossuary  | Reached XP level 8. HP: 33/58 MP: 8/8
  3864 | Ossuary  | Reached skill level 3 in Staves
  3901 | Ossuary  | Reached skill level 4 in Staves
  4002 | Ossuary  | Reached skill level 5 in Staves
  4232 | D:4      | Noticed Blork the orc
  4233 | D:4      | Noticed Duvessa
  4233 | D:4      | Noticed Dowan
  4255 | D:4      | Killed Duvessa
  4255 | D:4      | Reached skill level 6 in Staves
  4256 | D:4      | Killed Blork the orc
  4264 | D:4      | HP: 1/58 [iguana (6)]
  4269 | D:4      | Killed Dowan
  4475 | D:4      | Reached skill level 7 in Staves
  4600 | D:4      | Gained mutation: You are mostly covered in sharp spines. [demonic ancestry]
  4600 | D:4      | Reached XP level 9. HP: 64/64 MP: 9/9
  4705 | D:4      | Noticed Menkaure
  4711 | D:4      | Killed Menkaure
  4747 | D:5      | Entered Level 5 of the Dungeon
  4777 | D:5      | Noticed Sigmund
  4798 | D:5      | Killed Sigmund
  4798 | D:5      | Reached skill level 8 in Staves
  5312 | D:5      | Reached skill level 9 in Staves
  5675 | D:6      | Noticed Exporg's ghost (novice MiBe)
  5697 | D:6      | Killed Exporg's ghost
  5697 | D:6      | Reached skill level 10 in Staves
  6421 | D:6      | Found Pusmyru's Weapon Shoppe.
  6444 | D:6      | Found a staircase to the Ecumenical Temple.
  6496 | Temple   | Entered the Ecumenical Temple
  6744 | Temple   | Became a worshipper of Qazlal Stormbringer
  7004 | D:6      | Reached XP level 10. HP: 62/70 MP: 10/10
  7488 | D:7      | Reached skill level 11 in Staves
  7655 | D:8      | Noticed a two-headed ogre
  7660 | D:8      | Noticed Psyche
  8144 | D:7      | Killed a two-headed ogre
  8319 | D:7      | Reached skill level 12 in Staves
  8493 | D:7      | Reached * piety under Qazlal
  8549 | D:8      | Killed Psyche
  8706 | D:8      | Noticed Pikel
  8756 | D:8      | Killed Pikel
  8841 | D:8      | Found a staircase to the Lair.
  8842 | D:8      | Noticed Juudaz's ghost (novice GrMo)
  8846 | D:8      | Noticed Grum
  8963 | D:8      | Killed Juudaz's ghost
  8963 | D:8      | Reached skill level 13 in Staves
  8963 | D:8      | Gained mutation: You are partially covered in rugged brown scales. (AC +1, +3% HP) [demonic ancestry]
  8963 | D:8      | Reached XP level 11. HP: 31/77 MP: 11/11
  9213 | D:8      | Killed Grum
  9340 | D:8      | Noticed Joseph
  9354 | D:8      | Killed Joseph
  9630 | D:9      | Found a shattered altar of Ashenzari.
  9630 | D:9      | Found a deep blue altar of Sif Muna.
  9632 | D:9      | Found a hide-covered altar of Uskayaw.
  9848 | D:9      | Found a large runed door.
  9848 | D:9      | Found a large runed door.
 10040 | D:9      | Found a large runed door.
 10040 | D:9      | Found a large runed door.
 10059 | D:9      | Noticed a two-headed ogre
 10068 | D:9      | Killed a two-headed ogre
 10461 | D:9      | Paralysed by a hornet for 1 turns
 10559 | D:9      | Reached ** piety under Qazlal
 10703 | D:9      | Got a clouded brass amulet
 10711 | D:9      | Identified the amulet "Iddoig" {Faith *Slow rElec rF++} (You found it on level 9 of the Dungeon)
 10721 | D:9      | Reached skill level 14 in Staves
 11009 | D:10     | Entered Level 10 of the Dungeon
 11041 | D:10     | Noticed a purple ugly thing
 11055 | D:10     | Killed a purple ugly thing
 11190 | D:10     | Noticed an unseen horror
 11202 | D:10     | Killed an unseen horror
 11584 | D:10     | Noticed a two-headed ogre
 11597 | D:10     | Killed a two-headed ogre
 11655 | D:10     | Reached skill level 15 in Staves
 11820 | D:10     | Reached skill level 1 in Invocations
 12232 | D:10     | Reached skill level 1 in Dodging
 12236 | D:10     | Noticed Erolcha
 12254 | D:10     | Killed Erolcha
 12270 | D:10     | Gained mutation: You have sharp fingernails. [demonic ancestry]
 12270 | D:10     | Reached XP level 12. HP: 41/84 MP: 13/13
 12308 | D:10     | Quit the game

Skill      XL: |  1  2  3  4  5  6  7  8  9 10 11 |
---------------+----------------------------------+-----
Maces & Flails | 2 3 4 6 7 |  7.9
Staves         | 2 7 10 13 15 | 15.0
Shields        | 3 |  3.2
Invocations    | 1 |  1.8
Armour         | 3 |  3.1
Dodging        | 1 |  1.4
Fighting       | |  3.6

Action                   |  1- 3 |  4- 6 |  7- 9 | 10-12 || total
-------------------------+-------+-------+-------+-------++-------
Melee: Flail             |   121 |   154 |   107 |       ||   382
       Staff             |       |       |   327 |   474 ||   801
  Use: Scroll            |       |    10 |     3 |     6 ||    19
       Potion            |       |     6 |     6 |     6 ||    18
 Stab: Distracted        |       |       |       |     1 ||     1
  Eat: Chunk             |     2 |     6 |     3 |    13 ||    24
       Meat ration       |       |       |     2 |       ||     2
       Fruit             |       |       |     2 |     7 ||     9
Armor: Scale mail        |    22 |    17 |   175 |   177 ||   391
       Plate armour      |    53 |    39 |       |       ||    92
       Skin              |       |     6 |       |       ||     6
Dodge: Dodged            |    15 |    18 |    71 |    87 ||   191
Block: Shield            |    44 |    67 |   150 |   200 ||   461
